 Dungeon Crawl Stone Soup version 0.30-a0-953-g5f1da4a474 (webtiles) character file.

Game seed: 4161132791569940348

1173 Jeffwins the Shooter (level 8, -4/60 HPs)
             Began as a Human Wanderer on Mar 29, 2023.
             Was a Follower of Okawaru.
             Slain by a sleepcap (16 damage)
             ... on level 5 of the Dungeon.
             The game lasted 00:08:03 (5948 turns).

Jeffwins the Shooter (Human Wanderer)               Turns: 5948, Time: 00:08:03

Health: -4/60      AC:  8    Str: 10    XL:     8   Next: 68%
Magic:  7/8        EV:  2    Int: 11    God:    Okawaru [*.....]
Gold:   325        SH:  0    Dex: 19    Spells: 7/7 levels left

rFire   . . .      SeeInvis +    c - +0 spear (venom)
rCold   + . .      Faith    .    (no shield)
rNeg    . . .      Spirit   .    k - +0 leather armour
rPois   .          Reflect  .    (helmet restricted)
rElec   .          Rampage  .    (no cloak)
rCorr   .                        i - +0 pair of gloves
Will    .....                    (no boots)
Stlth   +++                      (no amulet)
HPRegen 0.30/turn                L - ring of flight
MPRegen 0.11/turn                O - +4 ring of protection

@: sleeping, flying
A: horns 1, see invisible, cold resistance 1
a: Renounce Religion, Heroism


You were on level 5 of the Dungeon.
You worshipped Okawaru.
Okawaru was aware of your devotion.
You visited 1 branch of the dungeon, and saw 6 of its levels.
You also visited: Ossuary.

You collected 325 gold pieces.


Innate Abilities, Weirdness & Mutations

You have a pair of small horns on your head.
You have supernaturally acute eyesight. (SInv)
Your flesh is cold resistant. (rC+)


   Skills:
 + Level 4.1 Fighting
 - Level 4.0 Staves
 * Level 6.8 Ranged Weapons
 + Level 3.5 Throwing
 - Level 1.0 Armour
 - Level 5.0 Stealth
 + Level 0.5 Invocations
 + Level 1.6 Evocations


You had 7 spell levels left.
You didn't know any spells.
Your spell library contained the following spells:

 Spells                   Type           Power      Damage    Failure   Level
 Slow                     Hex            0%         N/A       43%         1
 Ensorcelled Hibernation  Hex/Ice        0%         N/A       58%         2
 Confusing Touch          Hex            0%         N/A       82%         3
 Spider Form              Tmut/Pois      0%         N/A       82%         3
 Vampiric Draining        Necr           0%         2d6       82%         3
 Anguish                  Hex/Necr       0%         N/A       99%         4

Inventory:

Hand Weapons
 a - a +0 sling
 b - a +2 quarterstaff
 c - a +0 spear of venom (weapon)
Missiles
 t - 4 poisoned darts (quivered)
Armour
 e - a +0 robe
 i - a +0 pair of gloves (worn)
 k - a +0 leather armour (worn)
 p - a +0 helmet
 w - a +0 tower shield
Magical Staves
 r - a staff of fire
Jewellery
 L - a ring of flight (left hand)
 O - a +4 ring of protection (right hand)
Wands
 g - a wand of iceblast (3)
 C - a wand of mindburst (6)
Scrolls
 d - a scroll of vulnerability {!r}
 h - 2 scrolls of fear
 n - a scroll of torment {!r}
 o - a scroll of amnesia
 q - a scroll of immolation {!r}
 s - a scroll of fog
 v - a scroll of blinking {unknown}
 y - a scroll of acquirement {unknown}
 B - a scroll of summoning {unknown}
 D - a scroll of teleportation {@r4}
Potions
 f - 2 potions of degeneration {unknown}
 j - a potion of heal wounds {unknown}
 l - 3 potions of mutation {!q}
 m - a potion of magic {unknown}
 u - a potion of might {unknown}
 x - 2 potions of curing {@q1}
 z - 2 potions of resistance {unknown}
 A - a potion of haste {unknown}
 E - a potion of brilliance {unknown}

Dungeon Overview and Level Annotations

Branches:
Dungeon (6/15)            Ossuary (visited)
 Temple: D:4-7

Altars:
Okawaru
Ru
Trog

..............#
..............#
..............#
..............#
..............#
...########.###
.......# #.# .......#
#.######### .......#
#.....@f..# .......#
#########.#
#......##########.#.#
..................#.#
.##.#############.#.#
.##..# #.#.# #▒##.#
#.#.# .#.'.# #.#.#
'#.##▒ #.#.#


You could see a sleepcap.


Message History

You are engulfed in a cloud of soporific spores!
You are unaffected.
You fly upwards.
There is a stone staircase leading down here.
Unknown command.
Unknown command.
Unknown command.
You hit the sleepcap.
You headbutt the sleepcap, but do no damage.
The sleepcap is moderately damaged.
You hit the sleepcap but do no damage.
The sleepcap is moderately damaged.
The sleepcap closely misses you.
You hit the sleepcap but do no damage.
The sleepcap is moderately damaged.
You feel like a meek peon again. The sleepcap barely misses you.
You hit the sleepcap but do no damage.
You headbutt the sleepcap, but do no damage.
The sleepcap is moderately damaged.
The sleepcap releases spores at you.
* * * LOW HITPOINT WARNING * * *
You hit the sleepcap. You headbutt the sleepcap.
The sleepcap is severely damaged.
The sleepcap releases spores at you.
* * * LOW HITPOINT WARNING * * *
You are engulfed in a cloud of soporific spores!
You fall asleep.
The sleepcap releases spores at you!
You die...

Skill      XL: |  1  2  3  4  5  6  7  8 |
---------------+-------------------------+-----
Fighting       | 1 2 3 4 |  4.1
Ranged Weapons | 4 5 6 |  6.8
Stealth        | 3 4 5 |  5.0
Throwing       | 1 2 3 |  3.5
Evocations     | 1 |  1.6
Staves         | |  4.0
Armour         | |  1.0
Invocations    | |  0.5

Action                     |  1- 3 |  4- 6 |  7- 9 || total
---------------------------+-------+-------+-------++-------
  Melee: Quarterstaff      |     9 |    48 |   127 ||   184
         Headbutt          |       |     1 |    46 ||    47
         Spear             |       |       |    35 ||    35
         Punch             |       |       |     1 ||     1
   Fire: Sling             |    80 |   177 |   142 ||   399
  Throw: Dart              |       |     4 |       ||     4
 Invoke: Heroism           |       |       |     1 ||     1
  Evoke: Wand              |       |       |     2 ||     2
    Use: Scroll            |     1 |       |     8 ||     9
         Potion            |       |     6 |       ||     6
   Stab: Sleeping          |       |       |     1 ||     1
 Armour: Robe              |     9 |       |       ||     9
         Leather armour    |     3 |    48 |    67 ||   118
         Skin              |       |     3 |       ||     3
  Dodge: Dodged            |    23 |    66 |   124 ||   213

Levels and vault maps discovered:
D:1:      psy_arrival_terrarium, layout_basic, minmay_heptomino_o4
D:2:      layout_loops_ring
D:3:      layout_loops_ring
D:4:      layout_gridville, kennysheep_mini, grunt_temple_overflow_bloody_war,
          chequers_serial_rivers_micro_a
D:5:      nicolae_cairo_tiling_large, layout_basic, enter_ossuary_1,
          mrwooster_statue_mirror, columned_hall_lemuel
D:6:      layout_rooms, nicolae_uskayaw_suspiria, minmay_temple_entry_statues,
          gup_sewer_entry_pipe, chequers_arboretum

Notes
Turn   | Place    | Note
-------+----------+-------------------------------------------
     0 | D:1      | Jeffwins the Human Wanderer began the quest for the Orb.
     0 | D:1      | Jeffwins set off with the following items: a +2
                  | quarterstaff, a +0 sling, a +0 pair of gloves, a potion of
                  | lignification {!q}, a +0 robe.
     0 | D:1      | Reached XP level 1. HP: 13/13 MP: 1/1
    91 | D:1      | Reached XP level 2. HP: 17/20 MP: 2/2
   387 | D:1      | Reached XP level 3. HP: 25/25 MP: 3/3
   391 | D:1      | Reached skill level 1 in Fighting
  1099 | D:2      | Reached XP level 4. HP: 32/32 MP: 4/4
  1155 | D:2      | Reached skill level 4 in Ranged Weapons
  1707 | D:3      | Noticed a scorpion
  1712 | D:3      | Killed a scorpion
  1713 | D:3      | Reached skill level 2 in Fighting
  1713 | D:3      | Reached skill level 3 in Stealth
  1713 | D:3      | Reached XP level 5. HP: 38/38 MP: 5/5
  1843 | D:3      | Reached skill level 1 in Throwing
  2068 | D:3      | Reached XP level 6. HP: 31/44 MP: 6/6
  2722 | D:4      | Found an iron altar of Okawaru.
  2722 | D:4      | Found a bloodstained altar of Trog.
  2864 | D:4      | Became a worshipper of Warmaster Okawaru
  2922 | D:4      | Reached skill level 5 in Ranged Weapons
  3031 | D:4      | Gained mutation: You have supernaturally acute eyesight.
                  | (SInv) [potion of mutation]
  3031 | D:4      | Gained mutation: You have a pair of small horns on your
                  | head. [potion of mutation]
  3031 | D:4      | Gained mutation: Your flesh is cold resistant. (rC+)
                  | [potion of mutation]
  3035 | D:4      | HP: 4/46 [iguana (10)]
  3037 | D:4      | HP: 1/46 [iguana (3)]
  3039 | D:4      | Reached skill level 2 in Throwing
  3039 | D:4      | Reached XP level 7. HP: 2/51 MP: 7/7
  3608 | D:4      | Found a sacrificial altar of Ru.
  3708 | D:4      | Reached skill level 4 in Stealth
  3944 | D:4      | Reached skill level 3 in Fighting
  4055 | D:5      | Entered Level 5 of the Dungeon
  4290 | D:5      | Found a sand-covered staircase.
  4332 | Ossuary  | Entered an ossuary
  4410 | Ossuary  | Reached * piety under Okawaru
  4411 | Ossuary  | Reached skill level 6 in Ranged Weapons
  4530 | Ossuary  | Reached XP level 8. HP: 48/58 MP: 8/8
  4655 | Ossuary  | Reached skill level 3 in Throwing
  5342 | D:5      | Reached skill level 1 in Evocations
  5563 | D:5      | Reached skill level 5 in Stealth
  5927 | D:6      | Reached skill level 4 in Fighting
  5948 | D:5      | Slain by a sleepcap

Vanquished Creatures
  An ice beast (D:5)
  A sky beast (D:6)
  3 phantoms
  2 scorpions
  3 water moccasin zombies (Ossuary)
  A jelly (D:6)
  An orc priest (D:3)
  3 hounds (D:4)
  2 iguanas
  2 mummies (Ossuary)
  2 gnolls
  7 adders
  A shadow imp (D:5)
  4 adder zombies (Ossuary)
  3 worms
  3 dart slugs
  12 orcs
  8 bats
  6 endoplasms
  7 giant cockroaches
  4 gnoll zombies (Ossuary)
  10 goblins
  9 hobgoblins
  4 jackals (D:2)
  4 quokkas
  4 ball pythons
  3 frilled lizards
  4 hobgoblin zombies (Ossuary)
  4 kobolds
  5 kobold zombies (Ossuary)
  8 orc zombies (Ossuary)
  6 rats
137 creatures vanquished.

Vanquished Creatures (others)
  A kobold (D:3)
1 creature vanquished.

Grand Total: 138 creatures vanquished

Table legend: (Time is in decaauts)
 A = Elapsed time spent in this place.
 B = Non-inter-level travel time spent in this place.
 C = Inter-level travel time spent in this place.
 D = Time resting spent in this place.
 E = Time spent auto-exploring this place.
 F = Levels seen in this place.
 G = Mean time per level.
                   A        B        C        D        E       F      G
               +--------+--------+--------+--------+--------+-----+--------+
         Total |   6027 |   5736 |    291 |    199 |   4443 |   7 |  861.0 |
       Dungeon |   5504 |   5213 |    291 |    189 |   4118 |   6 |  917.3 |
       Ossuary |    522 |    522 |      0 |     10 |    325 |   1 |  522.0 |
               +--------+--------+--------+--------+--------+-----+--------+

Top non-repeatable levels by time:
     D:4: 1523 daAuts
     D:5: 1369 daAuts
     D:3: 873 daAuts
     D:1: 857 daAuts
     D:2: 856 daAuts
 Ossuary: 522 daAuts
     D:6: 23 daAuts

Table legend:
 A = Non-vault XP
 B = Vault XP
 C = Vault XP percentage of total XP
 D = Non-vault monster count
 E = Vault monster count
 F = Vault count percentage of total count
                 A         B        C        D         E       F
            +---------+---------+-------+---------+---------+-------
      Total |    1327 |     349 |  20.8 |     102 |      35 |  25.5
            +---------+---------+-------+---------+---------+-------
        D:1 |      38 |       7 |  15.6 |      21 |       4 |  16.0
        D:2 |      64 |       0 |   0.0 |      22 |       0 |   0.0
        D:3 |     202 |       0 |   0.0 |      25 |       0 |   0.0
        D:4 |     316 |      14 |   4.2 |      15 |       1 |   6.2
        D:5 |     533 |       0 |   0.0 |      17 |       0 |   0.0
        D:6 |     174 |       0 |   0.0 |       2 |       0 |   0.0
    Ossuary |       0 |     328 | 100.0 |       0 |      30 | 100.0
            +---------+---------+-------+---------+---------+-------
